[Event "*** Titled Tuesday Blitz"]
[Site "Chess.com"]
[Date "2021.03.02"]
[Round "5"]
[White "AliKa2810"]
[Black "MarcoRiehle"]
[Result "1-0"]
[WhiteElo "2563"]
[BlackElo "2669"]
[TimeControl "180+1"]
[EndTime "10:55:25 PST"]
[Termination "AliKa2810 won by resignation"]

1. Nf3 d5 2. g3 c5 3. Bg2 Nc6 4. d4 Nf6 5. O-O e6 6. c4 dxc4 7. dxc5 Qxd1 8. Rxd1 Bxc5 9. Nbd2 c3 10. bxc3 Bd7 11.
Nb3 Be7 12. c4 O-O 13. Bb2 Rfd8 14. Nfd4 Rac8 15. Nb5 a6 16. Nd6 Bxd6 17. Rxd6 Be8 18. Rad1 h6 19. h3 Rxd6 20. Rxd6 Rd8 21. Rxd8 Nxd8 22.
Nc5 b5 23. Nxa6 bxc4 24. Nb4 Kf8 25. e3 Ke7 26. a3 Kd6 27. Bf1 Bb5 28. f3 Nc6 29.
Nxc6 Kxc6 30. Kf2 Kb6 31. e4 Ka5 32. Be2 Nd7 33. Bxg7 Ka4 34. Bxh6 Kxa3 35. h4 Kb3 36. h5 Nf6 37. g4 Bc6 38. Bg5 Nh7 39. Be3 f6 40. e5 Bd5 41. exf6 Nxf6 42. h6 c3 43. g5 Nh7 44. g6 Nf6 45. h7 c2 46. h8=Q Nd7 47. g7 e5 48. g8=Q Bxg8 49. Qxg8+ Kc3 50. Qc8+ 1-0

[Event "*** Titled Tuesday Blitz"]
[Site "Chess.com"]
[Date "2021.03.02"]
[Round "5"]
[White "NikolaN98"]
[Black "The_filthy"]
[Result "1-0"]
[WhiteElo "2520"]
[BlackElo "2334"]
[TimeControl "180+1"]
[EndTime "10:55:25 PST"]
[Termination "NikolaN98 won on time"]

1. d3 e5 2. e4 Nc6 3. Be2 Nf6 4. c4 Bc5 5. Nc3 h6 6. f4 d6 7. f5 a6 8. Nf3 Nd4 9. Nxd4 Bxd4 10. Bf3 c6 11. Ne2 Ba7 12. b3 d5 13. Qd2 O-O 14. g4 Nxg4 15. h4 Bf2+ 16. Kf1 Be3 17.
Qe1 Bxc1 18. Qxc1 Nf6 19. Rg1 Kh8 20. Qe3 b5 21. c5 d4 22. Qd2 a5 23. Kf2 Nd7 24. Rg3 Rg8 25. Rag1 Qf6 26. Qc1 a4 27. b4 Nf8 28. Rg5 Nh7 29. Ng3 hxg5 30. Nh5 Qe7 31.
hxg5 g6 32. f6 Qe6 33. Ng3 Bd7 34. Rh1 Rgf8 35. Rh2 Kg8 36. Qh1 Rab8 37. Rxh7 1-0

[Event "*** Titled Tuesday Blitz"]
[Site "Chess.com"]
[Date "2021.03.02"]
[Round "5"]
[White "Kotofeyca"]
[Black "Piotrek1979"]
[Result "0-1"]
[WhiteElo "2376"]
[BlackElo "2368"]
[TimeControl "180+1"]
[EndTime "10:55:25 PST"]
[Termination "Piotrek1979 won on time"]

1. d4 d5 2. c4 e6 3. Nc3 Nf6 4.
cxd5 exd5 5. Bg5 c6 6. e3 Be7 7.
Qc2 Nbd7 8. Bd3 O-O 9. Nf3 Re8 10.
O-O Nf8 11. Rab1 a5 12. a3 Ne4 13. Bf4 Bf5 14. Nxe4 dxe4 15. Bxe4 Bxe4 16. Qxe4 Bxa3 17. Ne5 Bd6 18. Qf5 f6 19. Nd3 Ne6 20. Bxd6 Qxd6 21. Rfc1 a4 22. h4 Re7 23. h5 Nc7 24. h6 g6 25. Qc5 Nb5 26. Rc4 g5 27. Ra1 a3 28.
bxa3 Qxc5 29. Nxc5 Rxa3 30. Rxa3 Nxa3 31. Ra4 Nb5 32.
Ra8+ Kf7 33. Rb8 Nd6 34. g4 Re8 35. Rxe8 Kxe8 36. f4 b6 37. Nd3 Nf7 38. fxg5 fxg5 39. Kf2 Ke7 40. Kf3 Ke6 41. e4 Nxh6 42. Nb4 c5 43. d5+ Kd6 44. Nd3 Nf7 0-1

[Event "*** Titled Tuesday Blitz"]
[Site "Chess.com"]
[Date "2021.03.02"]
[Round "5"]
[White "KaterynaLagno"]
[Black "jens1102"]
[Result "0-1"]
[WhiteElo "2595"]
[BlackElo "2427"]
[TimeControl "180+1"]
[EndTime "10:55:26 PST"]
[Termination "jens1102 won by checkmate"]

1. e4 e6 2. d4 d5 3. Nc3 Bb4 4. exd5 exd5 5. Bd3 Nc6 6. Ne2 Nge7 7. O-O Bf5 8. Ng3 Bg6 9. Nh5 O-O 10. a3 Bd6 11.
Nb5 Nf5 12. Qg4 Bxh5 13. Qxh5 g6 14. Qg4 h5 15. Qh3 Ncxd4 16. Nxd6 Qxd6 17. c3 Nb3 18.
Bxf5 Nxa1 19. Bh6 gxf5 20. Bxf8 Kxf8 21. Rxa1 Qg6 22. Qe3 Qe6 23. Qc5+ Qd6 24. Qd4 Ke7 25.
Re1+ Kd7 26. Qg7 Qg6 27. Qd4 Qd6 28. Re5 Re8 29. Rxe8 Kxe8 30. Qh8+ Ke7 31. Qxh5 Qe6 32. Qg5+ Kd7 33. Qd2 Qe4 34. Qd1 f4 35. h3 f5 36.
Kh2 c5 37. Qh5 d4 38. cxd4 cxd4 39. Qf7+ Kd6 40. Qf6+ Kd5 41. Qd8+ Kc4 42. h4 Kd3 43. h5 Ke2 44. h6 Kxf2 45. Qh4+ Kf1 46. Qg5 Qe3 47.
Qxf5 Qg3+ 48. Kh1 Qxg2# 0-1

[Event "*** Titled Tuesday Blitz"]
[Site "Chess.com"]
[Date "2021.03.02"]
[Round "5"]
[White "CakeinSpace2002"]
[Black "albi1999"]
[Result "0-1"]
[WhiteElo "2405"]
[BlackElo "2589"]
[TimeControl "180+1"]
[EndTime "10:55:26 PST"]
[Termination "albi1999 won by checkmate"]

1. d4 g6 2. c4 Bg7 3. Nc3 e6 4. e4 Ne7 5. Be2 d5 6. Nf3 dxe4 7. Nxe4 Nbc6 8. Be3 Nf5 9. O-O Ncxd4 10. Nxd4 Bxd4 11. Bg5 f6 12. Bf4 e5 13. Bc1 O-O 14. g4 Nd6 15. Ng3 c5 16. Bh6 Rf7 17. Bf3 Be6 18. b3 Qd7 19. h3 f5 20. gxf5 gxf5 21. Bh5 Rg7 22. Bxg7 Qxg7 23. Kh2 Kh8 24. Qe2 Bxa1 25. Rxa1 e4 26.
Rg1 Rg8 27. f4 Nc8 28. Qd2 Qd4 29. Qe2 Rd8 30. Rg2 Ne7 31. Qe1 Ng8 32. Bf7 Bxf7 33. Nxf5 Qf6 34. Qxe4 Bg6 35. Rg5 Rf8 36. Qxb7 Bxf5 37.
h4 Bg6 38. f5 Bf7 39. Qg2 Nh6 40. Qf3 Qe5+ 41. Kg2 Rd8 42. f6 Rd2+ 43. Kh3 Rh2# 0-1

[Event "*** Titled Tuesday Blitz"]
[Site "Chess.com"]
[Date "2021.03.02"]
[Round "5"]
[White "NoGuru"]
[Black "PowerThinking2650"]
[Result "0-1"]
[WhiteElo "2294"]
[BlackElo "2463"]
[TimeControl "180+1"]
[EndTime "10:55:26 PST"]
[Termination "PowerThinking2650 won on time"]

1. Nf3 Nf6 2. c4 g6 3. Nc3 Bg7 4. e4 d6 5. d4 O-O 6. Be2 e5 7. dxe5 dxe5 8. Qxd8 Rxd8 9. Bg5 Re8 10. Nd5 Nxd5 11.
cxd5 c6 12. Bc4 cxd5 13. Bxd5 Nd7 14. Nd2 Nf6 15. Bb3 a5 16. a3 a4 17. Ba2 Be6 18.
Bxe6 Rxe6 19. Rc1 h6 20. Be3 Ng4 21. Ke2 Nxe3 22. Kxe3 h5 23. Rc2 Bh6+ 24. Ke2 Bxd2 25. Rxd2 Rc8 26. Rhd1 Rb6 27. Rd8+ Rxd8 28. Rxd8+ Kg7 29.
Rd2 Kf6 30. h4 Ke6 31. Kd1 f5 32. exf5+ gxf5 33. Kc2 Rc6+ 34. Kd1 Rc4 35. g3 f4 36.
Ke2 b5 37. gxf4 Rxf4 38. Rd8 b4 39. Ra8 b3 40. Ke3 Rxh4 41. Rb8 Rc4 42. Rh8 h4 43.
Rh6+ Kd5 44. f3 Rc2 45. Rxh4 Rxb2 46. Rxa4 Ra2 47. Ra5+ Kc4 48. Rxe5 b2 49. Re4+ Kc3 0-1

[Event "*** Titled Tuesday Blitz"]
[Site "Chess.com"]
[Date "2021.03.02"]
[Round "5"]
[White "Kislov_Oleg"]
[Black "Sjakkerntobi"]
[Result "0-1"]
[WhiteElo "2485"]
[BlackElo "2332"]
[TimeControl "180+1"]
[EndTime "10:55:27 PST"]
[Termination "Sjakkerntobi won on time"]

1. e4 e6 2. d4 d5 3. Nc3 Bb4 4.
exd5 exd5 5. Bd3 Nc6 6. Ne2 Nge7 7. O-O Bf5 8. Bf4 Qd7 9. a3 Bd6 10. Bxd6 Qxd6 11. Ng3 Bxd3 12. Qxd3 O-O 13. Rae1 Rfe8 14. Re3 Qg6 15. Qxg6 hxg6 16. Rfe1 Kf8 17. Nce2 Na5 18. b3 Rad8 19. Nf4 Nac6 20. c3 Na5 21. Rb1 c6 22.
Nd3 b6 23. f4 f6 24. Kf2 Nc8 25. Rxe8+ Rxe8 26. Kf3 Nd6 27. Nb4 Nb5 28. Na2 Nxa3 29. Rb2 Nb5 30. Ne2 Nd6 31. Nac1 Ne4 32. Nd3 Nxb3 33.
Ra2 a5 34. Rb2 Nbd2+ 35. Kg4 Nc4 36. Ra2 b5 0-1

[Event "*** Titled Tuesday Blitz"]
[Site "Chess.com"]
[Date "2021.03.02"]
[Round "5"]
[White "McCarthyStone"]
[Black "HrvojeZagreb"]
[Result "1-0"]
[WhiteElo "2440"]
[BlackElo "2267"]
[TimeControl "180+1"]
[EndTime "10:55:27 PST"]
[Termination "McCarthyStone won by checkmate"]

1. b3 e6 2. Bb2 f5 3. e4 fxe4 4. Qh5+ Ke7 5. Nc3 d5 6. f3 Nf6 7. Qh4 e3 8. dxe3 Kf7 9. O-O-O c6 10. Nh3 h6 11. e4 Bd6 12. Bd3 g5 13. Qf2 Qb6 14.
Qe1 Qc7 15. Kb1 a5 16. e5 Bxe5 17. Nxd5 exd5 18. Bxe5 Qe7 19. Qc3 Bxh3 20. gxh3 Nbd7 21. Rhe1 Qb4 22. Qb2 a4 23. Bf5 a3 24. Qa1 Nxe5 25.
Qxe5 Rhe8 26. Qc7+ Re7 27. Be6+ Kg6 28. Qe5 Rxe6 29. Qxe6 Re8 30. Qxe8+ Nxe8 31. Rxe8 Qc3 32. Kc1 Qa1+ 33. Kd2 Qd4+ 34. Ke2 Qf4 35. Re3 Qxh2+ 36. Kd3 Qxh3 37. c4 Qd7 38. Kc3 d4+ 39. Rxd4 Qh3 40.
Red3 Qg2 41. Rd6+ Kh5 42. c5 Qb2+ 43. Kb4 Qxa2 44. Rd2 Qb1 45. Rh2# 1-0

[Event "*** Titled Tuesday Blitz"]
[Site "Chess.com"]
[Date "2021.03.02"]
[Round "5"]
[White "NiranjanNavalgund"]
[Black "ellennilssen"]
[Result "1-0"]
[WhiteElo "2430"]
[BlackElo "2263"]
[TimeControl "180+1"]
[EndTime "10:55:27 PST"]
[Termination "NiranjanNavalgund won on time"]

1. d4 Nf6 2. c4 c5 3. d5 e6 4. Nc3 exd5 5. cxd5 d6 6. Nf3 g6 7. Bf4 Bg7 8. e3 O-O 9. h3 a6 10. a4 Bf5 11. Be2 Re8 12. O-O Ne4 13. Nxe4 Bxe4 14. Qb3 Qc7 15. Nd2 Nd7 16. f3 c4 17. Qxc4 Qxc4 18.
Bxc4 Bc2 19. e4 Ne5 20. Be2 Rac8 21. Rfc1 Red8 22. Be3 Nd3 23. Rxc2 Rxc2 24. Bxd3 Rxb2 25. Rc1 Ra2 26. Nc4 Rxa4 27. Bb6 Rc8 28. Rc2 Rb4 29. Kf1 Rb3 30. Ke2 Bf6 31. Be3 b5 32. Nxd6 Rxc2+ 33. Bxc2 Rb2 34. Kd1 a5 35. Bc1 Rb4 36. f4 a4 37. e5 Bh4 38. Ne4 Be7 39. d6 Bd8 40.
Nc5 Rc4 41. Nb7 Ba5 42. Nxa5 Rc8 43. Nb7 b4 44. Bxa4 1-0

[Event "*** Titled Tuesday Blitz"]
[Site "Chess.com"]
[Date "2021.03.02"]
[Round "5"]
[White "KetiGrant"]
[Black "PrinceMurad09"]
[Result "0-1"]
[WhiteElo "2344"]
[BlackElo "2528"]
[TimeControl "180+1"]
[EndTime "10:55:28 PST"]
[Termination "PrinceMurad09 won by resignation"]

1. e4 c5 2. Nf3 d6 3. Bb5+ Nd7 4. O-O a6 5. Bd3 e5 6. c3 Ngf6 7. Bc2 Be7 8. d4 O-O 9. Re1 Qc7 10. a4 b6 11.
Nbd2 cxd4 12. cxd4 Bb7 13. d5 Rac8 14. Bd3 Qb8 15.
Nf1 Rc7 16. Ng3 Rfc8 17. Bg5 h6 18. Nf5 Bf8 19. Be3 Nc5 20. Bxc5 Rxc5 21. Qd2 R8c7 22.
h3 Bc8 23. g4 b5 24. axb5 axb5 25. Kh2 b4 26. Rg1 b3 27. g5 hxg5 28. Qxg5 Bxf5 29. Qxf5 Nh7 30. Rg4 g6 31. Rag1 Bg7 32. Rxg6 fxg6 33. Qe6+ Rf7 34. Rxg6 Nf8 35. Rxg7+ Kxg7 36. Qg4+ Kh8 37.
Ng5 Rg7 38. Qh5+ Kg8 39. Be2 Qd8 40. h4 Qf6 41. Kg2 Rc2 0-1

[Event "*** Titled Tuesday Blitz"]
[Site "Chess.com"]
[Date "2021.03.02"]
[Round "5"]
[White "mbachez"]
[Black "C_K_G"]
[Result "1-0"]
[WhiteElo "2467"]
[BlackElo "2013"]
[TimeControl "180+1"]
[EndTime "10:55:28 PST"]
[Termination "mbachez won on time"]

1. e4 c5 2. Nf3 d6 3. Bb5+ Nc6 4.
O-O Bd7 5. Re1 e5 6. c3 Nf6 7. d4 cxd4 8. cxd4 Nxd4 9. Nxd4 exd4 10. Bxd7+ Qxd7 11. Qxd4 Be7 12. Bg5 O-O 13. e5 Ne8 14.
Bxe7 Qxe7 15. Nc3 dxe5 16. Rxe5 Qf6 17. Rae1 Nd6 18. Nd5 Qh6 19. Ne7+ Kh8 20. Rd5 Nc8 21. Nf5 Qg5 22. h4 Qg6 23. h5 Qf6 24. Qxf6 gxf6 25. Rd7 b5 26. Rxf7 Nb6 27. Rxf8+ Rxf8 28. Re7 a5 29. Rb7 Nc4 30. Rxb5 Rd8 31. b3 Nd2 32. Rxa5 Ne4 33. g4 Ng5 34. Kg2 Kg8 35. Ra7 1-0

[Event "*** Titled Tuesday Blitz"]
[Site "Chess.com"]
[Date "2021.03.02"]
[Round "5"]
[White "Lyschko"]
[Black "whogeeyao"]
[Result "1-0"]
[WhiteElo "2216"]
[BlackElo "2375"]
[TimeControl "180+1"]
[EndTime "10:55:28 PST"]
[Termination "Lyschko won on time"]

1. c4 g6 2. g3 Bg7 3. Bg2 Nf6 4. Nc3 c5 5. e4 O-O 6. Nge2 d6 7. O-O Nc6 8. d3 a6 9. a3 Bd7 10. Rb1 Rb8 11. b4 b6 12. h3 e6 13. Be3 Qc7 14. Qd2 Rfc8 15. f4 Be8 16. g4 Ne7 17. Ng3 b5 18. bxc5 dxc5 19. e5 Nd7 20. Nce4 b4 21. Nd6 Rd8 22. axb4 cxb4 23. Rxb4 Nc5 24. d4 Nb3 25. Qc3 Na5 26. Rfb1 Nac6 27. Rxb8 Rxb8 28. Rxb8 Qxb8 29. d5 exd5 30. cxd5 Nb4 31. Nxe8 Nbxd5 32. Qd4 Nxe3 33. Qxe3 Qxe8 34. e6 Qa4 35. exf7+ Kxf7 36. Kh2 Qb5 37. Ne4 Qa4 38. Ng5+ Ke8 39. Ne6 Bf6 40.
g5 Ba1 41. Nc5 1-0

[Event "*** Titled Tuesday Blitz"]
[Site "Chess.com"]
[Date "2021.03.02"]
[Round "5"]
[White "anpospan"]
[Black "KonstantinB_1983"]
[Result "0-1"]
[WhiteElo "2375"]
[BlackElo "2550"]
[TimeControl "180+1"]
[EndTime "10:55:29 PST"]
[Termination "KonstantinB_1983 won by resignation"]

1. d4 Nf6 2. c4 b6 3. Nf3 Bb7 4.
g3 e6 5. a3 g6 6. Bg2 Bg7 7.
O-O O-O 8. Nc3 Ne4 9. Nxe4 Bxe4 10. b4 d6 11. Bb2 Nd7 12. Qd2 Qe7 13. b5 Rfd8 14.
Rfd1 Nf6 15. d5 exd5 16. cxd5 Nxd5 17. Bxg7 Kxg7 18. Nd4 Nf6 19. Nc6 Bxc6 20. Bxc6 Rab8 21. Qd4 Qe5 22. Qa4 Qxe2 23. Re1 Qh5 24. Re7 Ng4 25. h4 Qf5 26. Rf1 d5 27. Rxc7 d4 28. Qxa7 Ne5 29.
Bg2 d3 30. Kh2 d2 31. Bh3 Qf3 32. Bg2 d1=Q 33. Rxd1 Qxd1 34. Re7 Re8 35. Rxe5 Rxe5 36. Qxb8 Rxb5 37. Qe8 Rf5 38. Qe3 Qd6 39. Qc3+ Qf6 40. Qxf6+ Kxf6 41. f4 Ra5 42. Kh3 Rxa3 43. Be4 h5 44. Bd5 b5 45. Bc6 b4 46. Kg2 b3 47.
Bd5 b2 0-1

[Event "*** Titled Tuesday Blitz"]
[Site "Chess.com"]
[Date "2021.03.02"]
[Round "5"]
[White "Pogosian_Manvel"]
[Black "StockholmMissile"]
[Result "1-0"]
[WhiteElo "2441"]
[BlackElo "2584"]
[TimeControl "180+1"]
[EndTime "10:55:31 PST"]
[Termination "Pogosian_Manvel won by resignation"]

1. d4 d5 2. c4 e6 3. Nc3 a6 4. Nf3 dxc4 5. a4 Nf6 6. e4 c5 7. d5 exd5 8. exd5 Bd6 9. Bxc4 O-O 10. O-O Bg4 11. h3 Bh5 12. Bg5 h6 13. Bxf6 Qxf6 14.
Ne4 Qd8 15. Nxd6 Qxd6 16. Qb3 Nd7 17. Nd2 Bg6 18. f4 b6 19. f5 Bh7 20. Ne4 Qe5 21.
Rae1 Rfe8 22. Kh1 Qd4 23. Nd6 Rxe1 24. Rxe1 Qf6 25. Qg3 Rf8 26. Ne8 Qxb2 27. f6 g5 28. Qf3 b5 29. axb5 axb5 30. Bf1 c4 31. d6 c3 32. Qh5 Nxf6 33. Nxf6+ Kg7 34. Ng4 c2 35. Qxh6+ Kh8 36. Nf6 Qxf6 37. Qxf6+ Kg8 38. Qxg5+ Bg6 39. Bxb5 Rb8 40. Bc4 Rb1 41. Qxg6+ 1-0

[Event "*** Titled Tuesday Blitz"]
[Site "Chess.com"]
[Date "2021.03.02"]
[Round "5"]
[White "klimkoj"]
[Black "Deepweb2020"]
[Result "1-0"]
[WhiteElo "2595"]
[BlackElo "2406"]
[TimeControl "180+1"]
[EndTime "10:55:31 PST"]
[Termination "klimkoj won on time"]

1. d4 Nf6 2. c4 e6 3. Nf3 Bb4+ 4. Bd2 Qe7 5. g3 Nc6 6. Bg2 Bxd2+ 7. Qxd2 Ne4 8. Qc2 Qb4+ 9. Kf1 d5 10. cxd5 exd5 11. Nc3 Be6 12. e3 O-O 13. Nd2 Nxd2+ 14. Qxd2 Na5 15.
a3 Qb6 16. Qe2 c6 17. h4 Nc4 18. Na4 Qb5 19. Nc5 b6 20. Nd3 Bf5 21. Nf4 Qxb2 22. Qxb2 Nxb2 23. Rc1 Nc4 24. e4 Bxe4 25. Bxe4 Nd2+ 26.
Kg2 Nxe4 27. Rxc6 Rfd8 28. Rhc1 Nd2 29. Rc7 a5 30. Rb7 Nc4 31. Nxd5 Nxa3 32. Ne7+ Kf8 33.
Rcc7 1-0

[Event "*** Titled Tuesday Blitz"]
[Site "Chess.com"]
[Date "2021.03.02"]
[Round "5"]
[White "SlavenPastar"]
[Black "Chernov_Mikhail"]
[Result "0-1"]
[WhiteElo "2571"]
[BlackElo "2352"]
[TimeControl "180+1"]
[EndTime "10:55:31 PST"]
[Termination "Chernov_Mikhail won on time"]

1. d4 d5 2. c4 c6 3. cxd5 cxd5 4. Nf3 Nc6 5. Nc3 Nf6 6. Bf4 e6 7. e3 a6 8. Bd3 Be7 9. O-O O-O 10. Rc1 Nh5 11. Bb1 Nxf4 12. exf4 Bf6 13. Ne5 Bd7 14. Na4 g6 15. Nc5 Bxe5 16. fxe5 Ne7 17. Nxb7 Qb6 18. Nc5 Bb5 19. Re1 Rfc8 20. a4 Be8 21. b3 Nc6 22. h4 h5 23. g4 hxg4 24. Qxg4 Rc7 25. h5 Nxd4 26. Qxd4 Rac8 27. b4 a5 28. bxa5 Qa7 29. hxg6 Rxc5 30. gxf7+ Bxf7 31. Qg4+ Kf8 32. Qb4 Ke8 33.
Rxc5 Qxc5 34. Qb5+ Ke7 35. Bd3 Rg8+ 36. Kf1 Qc3 37.
Qb7+ Kf8 38. Qb5 Bh5 39. Qb8+ Kg7 40. Qb7+ Kh8 41. Qe7 Qxd3+ 0-1

[Event "*** Titled Tuesday Blitz"]
[Site "Chess.com"]
[Date "2021.03.02"]
[Round "5"]
[White "stepakyedael"]
[Black "Maddie"]
[Result "1-0"]
[WhiteElo "2333"]
[BlackElo "2081"]
[TimeControl "180+1"]
[EndTime "10:55:31 PST"]
[Termination "stepakyedael won by resignation"]

1. d4 d5 2. Nf3 Nf6 3. e3 Bf5 4. c4 c6 5. Nc3 e6 6. Qb3 Qc7 7. Bd2 Be7 8. Rc1 Qd7 9. Ne5 Qc8 10. h3 O-O 11. g4 Bg6 12. g5 Ne4 13. cxd5 Nxc3 14.
dxc6 Be4 15. Rg1 Nxc6 16. Rxc3 Qd8 17. Nxc6 Bxc6 18. Bg2 Bxg2 19. Rxg2 b6 20. h4 Rc8 21. Rxc8 Qxc8 22. h5 Qb7 23. Rg1 Rc8 24. g6 hxg6 25. hxg6 Qd7 26. gxf7+ Kxf7 27. Qd1 Bf6 28. Qh5+ Ke7 29.
Qh7 Kd6 30. Bb4+ Kc6 31. Qe4+ Qd5 32. Qxd5+ Kxd5 33. Kd1 Kc4 34. Bc3 Kb5 35. Kc2 Ka6 36. Kd3 Kb7 37. e4 e5 38. d5 a6 39. Rf1 b5 40. f4 exf4 41. Rxf4 Bxc3 42. bxc3 Rc7 43. e5 Rd7 44. d6 Kc6 45. Ke4 Kc5 46. Rf8 Kc4 47. Rc8+ 1-0

[Event "*** Titled Tuesday Blitz"]
[Site "Chess.com"]
[Date "2021.03.02"]
[Round "5"]
[White "Arseniy_Nesterov"]
[Black "Lysiak_Poltorak"]
[Result "1-0"]
[WhiteElo "2798"]
[BlackElo "2472"]
[TimeControl "180+1"]
[EndTime "10:55:33 PST"]
[Termination "Arseniy_Nesterov won by resignation"]

1. d4 Nf6 2. c4 e6 3. Nf3 Bb4+ 4. Bd2 Qe7 5. g3 Bxd2+ 6. Qxd2 Nc6 7. Nc3 d5 8. Bg2 Ne4 9. Qc2 Nxc3 10. Qxc3 Qb4 11. Rc1 Qxc3+ 12. Rxc3 Ne7 13. cxd5 Nxd5 14. Rc1 c6 15.
Ne5 Ke7 16. Kd2 Bd7 17. e3 Rhd8 18. h4 Be8 19. a3 f6 20. Nd3 Rac8 21. h5 Bf7 22.
Be4 h6 23. g4 b6 24. Ke2 Kd6 25. Rc2 e5 26. dxe5+ fxe5 27. Rd1 Be6 28. f3 Rc7 29. Nb4 a5 30. Rxc6+ Rxc6 31. Nxd5 Kc5 32. b4+ axb4 33. axb4+ Kb5 34. Nc7+ Rxc7 35. Rxd8 Rc2+ 36. Bxc2 1-0

[Event "*** Titled Tuesday Blitz"]
[Site "Chess.com"]
[Date "2021.03.02"]
[Round "5"]
[White "paulrusan"]
[Black "mamonika"]
[Result "1-0"]
[WhiteElo "2324"]
[BlackElo "2025"]
[TimeControl "180+1"]
[EndTime "10:55:33 PST"]
[Termination "paulrusan won on time"]

1. e4 c5 2. b4 cxb4 3. Bb2 Nc6 4.
d4 Nf6 5. d5 Na5 6. e5 Ne4 7. Qd4 Nc3 8. Nxc3 bxc3 9. Bxc3 Qb6 10. Nf3 e6 11. d6 Qxd4 12. Nxd4 Nc6 13. Nb5 Kd8 14. Bd3 g6 15. h4 Bg7 16. f4 h5 17.
a4 Rf8 18. a5 f6 19. exf6 Bxf6 20. Bxf6+ Rxf6 21. g3 Nb4 22. Kd2 a6 23. Nc7 Rb8 24. Be4 b5 25. c3 Nc6 26. Bxc6 dxc6 27. Rhe1 Kd7 28. Rad1 Kxd6 29. Ne8+ Ke7 30. Nxf6 Kxf6 31.
Kc2 c5 32. Rd8 Ra8 33. Re5 c4 34. Rc5 Bb7 35. Rxa8 Bxa8 36. Kd2 Ke7 37. Ke3 Kd6 38.
Rg5 Bc6 39. Kd4 Be8 40. Re5 Bf7 41. Rc5 Be8 42. Rc8 Kd7 43. Ra8 1-0

[Event "*** Titled Tuesday Blitz"]
[Site "Chess.com"]
[Date "2021.03.02"]
[Round "5"]
[White "pastouche06"]
[Black "Durarbayli"]
[Result "1-0"]
[WhiteElo "2551"]
[BlackElo "2756"]
[TimeControl "180+1"]
[EndTime "10:55:34 PST"]
[Termination "pastouche06 won on time"]

1. d4 d5 2. c4 c6 3. Nf3 Nf6 4. Qc2 dxc4 5. e4 b5 6. b3 cxb3 7. axb3 e6 8. Bd2 Bb7 9. Ba5 Qc8 10. b4 Nbd7 11. Bd3 Be7 12. O-O h6 13. Rc1 O-O 14. Qe2 a6 15. e5 Nd5 16. Qe4 f5 17. exf6 N7xf6 18. Qe1 Nf4 19. Bf1 c5 20. bxc5 Bxf3 21.
gxf3 Qc6 22. Nd2 Bd8 23. Ne4 Bxa5 24. Rxa5 Nxe4 25. fxe4 Rad8 26. Qe3 Rd7 27. Rca1 e5 28. d5 Qg6+ 29. Kh1 Qh5 30. Rxa6 Rdf7 31. Ra8 Ng6 32. Rxf8+ Nxf8 33. Be2 Qh4 34. f3 Ng6 35. c6 Nf4 36. d6 Kh7 37. c7 Rf6 38. c8=Q Rg6 39. Qf5 1-0

[Event "*** Titled Tuesday Blitz"]
[Site "Chess.com"]
[Date "2021.03.02"]
[Round "5"]
[White "PavelChernomordik"]
[Black "Nozdrachev_Leonid"]
[Result "0-1"]
[WhiteElo "2383"]
[BlackElo "2557"]
[TimeControl "180+1"]
[EndTime "10:55:34 PST"]
[Termination "Nozdrachev_Leonid won by resignation"]

1. e4 d6 2. d4 Nf6 3. Nc3 e5 4. Nf3 Nbd7 5. Bc4 Be7 6. O-O O-O 7. h3 c6 8. a4 Qc7 9. Bg5 h6 10. Bh4 Re8 11. Bg3 Qa5 12. Re1 exd4 13. Nxd4 Ne5 14. Ba2 Qb6 15. Rb1 Bd7 16. Nf5 Bxf5 17. exf5 Rad8 18.
Kh2 Ned7 19. Qf3 d5 20. Bf4 Nc5 21. b4 Nce4 22. Nxe4 Nxe4 23. c4 Qxf2 24. Qxf2 Nxf2 25. Re2 Nd3 26. Bg3 Bxb4 27. Rxe8+ Rxe8 28. cxd5 cxd5 29. Bxd5 a5 30. Bxb7 Re2 31. Ba6 Rd2 32. Be1 Nxe1 33. Rxe1 h5 34. Re8+ Kh7 35. Bc4 Bd6+ 36. Kg1 Bg3 37.
Kf1 Rf2+ 38. Kg1 Rc2 39. Bf1 f6 40. Re3 Bf2+ 0-1

[Event "*** Titled Tuesday Blitz"]
[Site "Chess.com"]
[Date "2021.03.02"]
[Round "5"]
[White "bilelou"]
[Black "SanQui14"]
[Result "0-1"]
[WhiteElo "2527"]
[BlackElo "2391"]
[TimeControl "180+1"]
[EndTime "10:55:34 PST"]
[Termination "SanQui14 won by resignation"]

1. e4 e6 2. d4 d5 3. exd5 exd5 4. Nf3 Nc6 5. c4 dxc4 6. Bxc4 Nf6 7. O-O Be7 8. h3 O-O 9. Nc3 Bf5 10. Be3 Nb4 11.
Rc1 c6 12. Ne5 Nbd5 13. Qb3 Rb8 14. Bg5 Be6 15. Rfe1 h6 16. Bxf6 Bxf6 17. Nxd5 Bxd5 18.
Bxd5 cxd5 19. Rc5 Re8 20. Rxd5 Qe7 21. Rd7 Qe6 22. Qxe6 Rxe6 23. f4 Bxe5 24. dxe5 Rc6 25. Red1 Rc2 26. Re7 Rxb2 27. Rdd7 Rf8 28. e6 g6 29.
Rxf7 Rxf7 30. Rxf7 Rb6 31. Rf6 Kg7 32. Rf7+ Kg8 33.
Re7 Kf8 34. Rh7 Rxe6 35. Rxh6 Ra6 36. f5 Rxa2 37. Rxg6 b5 38. h4 b4 39. Rg3 Ra3 40.
Rg4 b3 41. Rb4 a5 42. Rb7 a4 43. h5 Ra1+ 44. Kh2 Rf1 45. g4 a3 46. h6 a2 47.
Rb8+ Kf7 48. h7 a1=Q 49. h8=Q Rh1+ 50. Kg2 Rxh8 51. Rb7+ Kf6 52. Rb6+ Kg5 53. Rg6+ Kf4 0-1

[Event "*** Titled Tuesday Blitz"]
[Site "Chess.com"]
[Date "2021.03.02"]
[Round "5"]
[White "Rsnr"]
[Black "Berardino"]
[Result "1-0"]
[WhiteElo "2780"]
[BlackElo "2568"]
[TimeControl "180+1"]
[EndTime "10:55:35 PST"]
[Termination "Rsnr won by resignation"]

1. d4 Nf6 2. c4 c5 3. d5 e6 4.
Nc3 exd5 5. cxd5 d6 6. Nf3 g6 7. Bf4 a6 8. e4 Bg7 9. Qa4+ Bd7 10. Qb3 Bc8 11. a4 O-O 12. Be2 Qe7 13. Nd2 Nbd7 14.
O-O Ne5 15. Bg3 Nh5 16. Bxh5 gxh5 17. h3 h4 18. Bh2 Bxh3 19. f4 Bxg2 20. Kxg2 Ng4 21.
Rae1 Bd4 22. Nd1 b5 23. Qh3 h5 24. Nf3 Bg7 25. Qxh4 Qxh4 26. Nxh4 bxa4 27. Nf5 Rab8 28. Re2 Rb6 29. Bg3 Rfb8 30. Rh1 Bxb2 31. Rxh5 a3 32.
Nde3 Nxe3+ 33. Rxe3 a2 34. Rh1 c4 35. Ree1 c3 36. Nd4 Rb4 37. Nc2 Ra4 38. Kf3 Rb3 39. e5 a1=Q 40. Nxa1 c2+ 41. Nxb3 Ra3 42. Re3 Rxb3 43.
Rxb3 1-0

[Event "*** Titled Tuesday Blitz"]
[Site "Chess.com"]
[Date "2021.03.02"]
[Round "5"]
[White "Rozhkov_V"]
[Black "wadsy27"]
[Result "1-0"]
[WhiteElo "2398"]
[BlackElo "2527"]
[TimeControl "180+1"]
[EndTime "10:55:35 PST"]
[Termination "Rozhkov_V won by resignation"]

1. e4 c5 2. Nf3 e6 3. d4 cxd4 4. Nxd4 Nc6 5. Nc3 Qc7 6. g3 a6 7.
Bg2 Nf6 8. O-O Nxd4 9. Qxd4 Bc5 10. Qd3 Ng4 11. Bf4 Ne5 12. Bxe5 Qxe5 13. Kh1 h5 14. f4 Qc7 15. e5 h4 16. g4 Ra7 17. Ne4 b5 18.
Qc3 Bb6 19. Nd6+ Ke7 20. Qd2 h3 21. Be4 Bc5 22. Rad1 Qb6 23. Nxc8+ Rxc8 24. f5 Be3 25. f6+ gxf6 26. exf6+ Ke8 27. Qe2 Rac7 28. g5 d5 29. Qh5 Qd6 30. Bxd5 exd5 31. Rfe1 Rxc2 32. Rxe3+ Kd8 33.
Qxh3 Rc1 34. Rd3 Rxd1+ 35. Rxd1 d4 36. Qf5 Rc5 37. Qe4 Rd5 38. g6 fxg6 39. f7 d3 40. f8=Q+ Qxf8 41. Qxd5+ Kc7 42. Qxd3 Qa8+ 43. Kg1 Qa7+ 44.
Qd4 1-0

[Event "*** Titled Tuesday Blitz"]
[Site "Chess.com"]
[Date "2021.03.02"]
[Round "5"]
[White "lamomiablanca"]
[Black "AldokhinIvan"]
[Result "1-0"]
[WhiteElo "2360"]
[BlackElo "2511"]
[TimeControl "180+1"]
[EndTime "10:55:35 PST"]
[Termination "lamomiablanca won by checkmate"]

1. e4 c6 2. d4 d5 3. Nc3 dxe4 4. Nxe4 Nf6 5. Nxf6+ gxf6 6. c3 Nd7 7. Nf3 Nb6 8. g3 Bg4 9. Bg2 e6 10. a4 Bd6 11. a5 Nd5 12. a6 bxa6 13. Rxa6 Qc8 14.
Ra1 e5 15. h3 Bh5 16. dxe5 fxe5 17. g4 Bg6 18. Nh4 Qe6 19. O-O O-O 20. Qe2 Bc5 21. Be4 Nf6 22. Bf5 Qd6 23. Bg5 Nd5 24. Rad1 e4 25.
Qxe4 Rfe8 26. Qf3 Qe5 27. c4 Nb4 28. Bf4 Qxb2 29. Nxg6 hxg6 30. Bb1 Qf6 31. Qg3 g5 32. Bd2 Re2 33. Bc3 Qf4 34. Qxf4 gxf4 35. Rde1 Rae8 36. Rxe2 Rxe2 37. Kg2 a5 38. Kf3 Re7 39. Kxf4 Rd7 40. Bf5 Rd6 41. Re1 a4 42. Re8# 1-0